 Dungeon Sprint DCSS version 0.20-a0-1062-g7b787ac (webtiles) character file.

7066 Kidiri the Eclecticist (level 10, -3/63 HPs)
             Began as a Deep Elf Fire Elementalist on Apr 27, 2017.
             Was the Champion of Vehumet.
             Hit by a javelin thrown by Urug (9 damage)
             ... in the Dungeon (Sprint III: "The Ten Rune Challenge").
             The game lasted 00:18:39 (2418 turns).

Kidiri the Eclecticist (Deep Elf Fire Elementalist) Turns: 2418, Time: 00:18:39

Health: -3/63      AC:  8    Str:  5    XL:     10   Next: 83%
Magic:  26/31      EV: 19    Int: 24    God:    Vehumet [******]
Gold:   31         SH:  0    Dex: 15    Spells: 13/39 levels left

rFire    . . .     SeeInvis .   m - +0 dagger
rCold    . . .     Gourm    .   (no shield)
rNeg     . . .     Faith    .   a - +1 robe
rPois    .         Spirit   .   (no helmet)
rElec    .         Reflect  .   n - +2 cloak {+Inv}
rCorr    .         Harm     .   (no gloves)
MR       +....     NoTele   +   (no boots)
Stlth    ++........             (no amulet)
Regen    0.2/turn               (no ring)
MPRegen  0.3/turn               (no ring)

@: no status effects
A: slimy green scales 1, wild magic 1
a: Renounce Religion, Evoke Invisibility


You were in the Dungeon.
You worshipped Vehumet.
Vehumet was exalted by your worship.
You were very full.

You visited 1 branch You collected 31 gold pieces.

Inventory:

Hand Weapons
 m - a +0 dagger (weapon)
Armour
 a - a +1 robe (worn)
 n - a +2 cloak of invisibility (worn)
Wands
 l - a wand of polymorph (12/24)
Scrolls
 d - 2 scrolls of holy word
 i - a scroll of blinking
 p - a scroll of enchant weapon {unknown}
 q - a scroll of remove curse {unknown}
Potions
 b - a potion of might
 f - a potion of haste
 g - 2 potions of magic
 h - 2 potions of berserk rage
 o - a potion of ambrosia
 s - 3 potions of flight
 v - 3 potions of mutation
Comestibles
 c - a bread ration
 r - 16 royal jellies


   Skills:
 + Level 7.0 Fighting
 + Level 8.0 Short Blades
 + Level 6.9 Armour
 + Level 10.5 Dodging
 - Level 2.4 Stealth
 * Level 15.0 Spellcasting
 + Level 9.4 Conjurations
 + Level 10.0 Fire Magic
 + Level 6.4 Air Magic
 + Level 7.0 Poison Magic
 + Level 8.8 Evocations


You had 13 spell levels left.
You knew the following spells:

 Your Spells              Type           Power        Failure   Level  Hunger
a - Flame Tongue          Conj/Fire      #####        1%          1    None
b - Throw Flame           Conj/Fire      ######       1%          2    None
c - Conjure Flame         Conj/Fire      ######..     1%          3    None
d - Inner Flame           Hex/Fire       ######..     1%          3    None
e - Sticky Flame          Conj/Fire      ######..     1%          4    None
f - Fireball              Conj/Fire      ######....   1%          5    ##.....
g - Mephitic Cloud        Conj/Pois/Air  ######..     1%          3    None
h - Venom Bolt            Conj/Pois      ######....   1%          5    ##.....


Dungeon Overview and Level Annotations

Branches:
Dungeon (1/1)

Altars:
Cheibriados
Dithmenos
Elyvilon
Fedhas
Gozag
Hepliaklqana
Kikubaaqudgha
Makhleb
Nemelex Xobeh
Okawaru
Qazlal
Ru
Sif Muna
Trog
Uskayaw
Vehumet
Wu Jian
Xom
Yredelemnul
Zin
The Shining One
Beogh
Jiyva
Lugonu

Annotations:
D exclusion: 2 doors, Urug


Innate Abilities, Weirdness & Mutations

You are partially covered in slimy green scales. (AC +2)
Your spells are a little harder to cast, but a little more powerful.


Message History

Urug is engulfed in noxious fumes.
Urug throws a javelin.
The javelin barely misses you.
Unknown command.
Urug hits you with a battleaxe of electrocution!!
* * * LOW HITPOINT WARNING * * *
You are electrocuted!
* * * LOW HITPOINT WARNING * * *
Things that are here:
2 javelins; a redback corpse Unknown command.
Urug throws a javelin.
The javelin closely misses you.
You see here a javelin.
Casting: Mephitic Cloud
Confirm with . or Enter, or press ? or * to list all spells.
Aiming: Mephitic Cloud
Press: ? - help, Shift-Dir - straight line, f/p - Urug
Aim: Urug, wielding a battleaxe of electrocution and wearing a chain mail The ball explodes into a vile cloud!
The stinking cloud engulfs Urug.
Urug is engulfed in noxious fumes.
Urug throws a javelin.
The javelin hits you!
You die...

###....#___#__+...#...#..#..##..'
▓▓▓▓▓▓▓▓▓▓▓▓▓▓▓▓▓▓▓▓▓▓▓▓▓▓▓▓▓▓#
♣♣≈≈≈........≈≈≈...#
+♣♣'♣≈≈≈≈≈≈≈≈≈≈≈≈♣♣P.'
#.≈♣♣♣♣♣♣♣♣♣♣♣♣♣♣♣♣PP# #..♣♣ ♣♣♣#
###'♣♣♣♣♣ ♣♣♣♣.##§o## ♣...##@##.#
♣♣.##.##(## ♣..#.##...#
♣♣.##.##..# ♣♣.##.# ### ♣.....#
#######


You could see Urug.

Vanquished Creatures
  Erolcha (D)
  A lindwurm (D)
  A deep elf mage (D)
  A komodo dragon (D)
  2 spiny frogs (D)
  3 wandering mushrooms (D)
  2 tyrant leeches (D)
  A queen bee (D)
  5 redbacks (D)
  A shadow (D)
  A spatial vortex (D)
  A necrophage (D)
  5 two-headed ogres (D)
  A water elemental (D)
  29 killer bees (D)
  A jelly (D)
  Crazy Yiuf (D)
  Jessica (D)
  A wizard (D)
  A necromancer (D)
  A kobold demonologist (D)
  3 humans (D)
  2 oozes (D)
  A rat (D)
67 creatures vanquished.

Vanquished Creatures (collateral kills)
  2 killer bees (D)
2 creatures vanquished.

Vanquished Creatures (others)
  2 draconian scorchers (D)
  6 hellions (D)
  A yaktaur (D)
  A killer bee (D)
10 creatures vanquished.

Grand Total: 79 creatures vanquished

Notes
Turn   | Place    | Note
-------+----------+-------------------------------------------
     0 | D        | Kidiri the Deep Elf Fire Elementalist began the quest for the Orb.
     0 | D        | Reached XP level 1. HP: 10/10 MP: 6/6
    40 | D        | Reached skill level 1 in Fighting
    40 | D        | Reached skill level 4 in Spellcasting
    40 | D        | Reached XP level 2. HP: 16/16 MP: 6/9
    42 | D        | Killed a yaktaur
    44 | D        | Learned a level 2 spell: Throw Flame
    78 | D        | Reached skill level 1 in Armour
    90 | D        | Killed a hellion
    91 | D        | Killed a hellion
    91 | D        | Killed a hellion
    92 | D        | Noticed Jessica
    98 | D        | Killed Jessica
    98 | D        | Reached skill level 5 in Spellcasting
    98 | D        | Reached XP level 3. HP: 18/21 MP: 4/12
   101 | D        | Killed a hellion
   101 | D        | Killed a hellion
   103 | D        | Learned a level 3 spell: Conjure Flame
   107 | D        | Learned a level 3 spell: Inner Flame
   131 | D        | Killed a hellion
   132 | D        | Killed a white draconian scorcher
   165 | D        | Reached skill level 6 in Spellcasting
   184 | D        | Killed a white draconian scorcher
   235 | D        | Noticed Crazy Yiuf
   239 | D        | Killed Crazy Yiuf
   239 | D        | Reached skill level 1 in Short Blades
   239 | D        | Reached XP level 4. HP: 14/26 MP: 8/14
   272 | D        | Gained mutation: You expend magic power (3 MP) to strengthen your wands. [potion of mutation]
   272 | D        | Gained mutation: You are resistant to electric shocks. (rElec) [potion of mutation]
   273 | D        | Lost mutation: You expend magic power (3 MP) to strengthen your wands. [potion of mutation]
   273 | D        | Lost mutation: You are resistant to electric shocks. (rElec) [potion of mutation]
   273 | D        | Gained mutation: Your body sometimes deteriorates upon taking damage. [potion of mutation]
   273 | D        | Lost mutation: Your body sometimes deteriorates upon taking damage. [potion of mutation]
   273 | D        | Gained mutation: You are partially covered in slimy green scales. (AC +2) [potion of mutation]
   273 | D        | Gained mutation: Your spells are a little harder to cast, but a little more powerful. [potion of mutation]
   280 | D        | Learned a level 4 spell: Sticky Flame
   354 | D        | Noticed a water elemental
   357 | D        | Killed a water elemental
   357 | D        | Reached skill level 7 in Spellcasting
   357 | D        | Reached skill level 5 in Fire Magic
   357 | D        | Reached skill level 1 in Evocations
   357 | D        | Reached XP level 5. HP: 31/31 MP: 9/16
   406 | D        | Learned a level 5 spell: Fireball
   406 | D        | Found a radiant altar of Vehumet.
   407 | D        | Found a deep blue altar of Sif Muna.
   407 | D        | Found an ancient bone altar of Kikubaaqudgha.
   408 | D        | Reached skill level 5 in Dodging
   410 | D        | Reached skill level 8 in Spellcasting
   421 | D        | Became a worshipper of Vehumet
   472 | D        | Found a glowing silver altar of Zin.
   473 | D        | Found a glowing golden altar of the Shining One.
   473 | D        | Found a white marble altar of Elyvilon.
   473 | D        | Noticed a deep elf mage
   479 | D        | Killed a deep elf mage
   479 | D        | Reached skill level 10 in Spellcasting
   479 | D        | Reached skill level 5 in Conjurations
   479 | D        | Reached XP level 6. HP: 30/39 MP: 9/21
   479 | D        | Reached XP level 7. HP: 34/44 MP: 9/23
   488 | D        | Learned a level 3 spell: Mephitic Cloud
   558 | D        | Found a hide-covered altar of Uskayaw.
   558 | D        | Found a roughly hewn altar of Beogh.
   558 | D        | Found an iron altar of Okawaru.
   558 | D        | Found a bloodstained altar of Trog.
   558 | D        | Found an ornate altar of the Wu Jian Council.
   558 | D        | Noticed a human
   565 | D        | Noticed a human
   566 | D        | Killed a human
   566 | D        | Reached skill level 1 in Air Magic
   566 | D        | Reached skill level 1 in Poison Magic
   569 | D        | Killed a human
   569 | D        | Reached * piety under Vehumet
   569 | D        | Offered knowledge of Shock by Vehumet.
   569 | D        | Reached skill level 11 in Spellcasting
   569 | D        | Reached skill level 5 in Evocations
   647 | D        | Found a basalt altar of Yredelemnul.
   647 | D        | Found a shadowy altar of Dithmenos.
   647 | D        | Found a sacrificial altar of Ru.
   653 | D        | Reached skill level 5 in Short Blades
   803 | D        | Reached ** piety under Vehumet
   803 | D        | Offered knowledge of Sting by Vehumet.
   803 | D        | Reached XP level 8. HP: 48/48 MP: 21/25
   810 | D        | Reached skill level 5 in Fighting
   819 | D        | Found a blossoming altar of Fedhas.
   819 | D        | Found a stormy altar of Qazlal.
   819 | D        | Found a snail-covered altar of Cheibriados.
   819 | D        | Found a burning altar of Makhleb.
   819 | D        | Found a shimmering altar of Xom.
   914 | D        | Found a hazy altar of Hepliaklqana.
   914 | D        | Found an opulent altar of Gozag.
   914 | D        | Found a sparkling altar of Nemelex Xobeh.
   914 | D        | Found a corrupted altar of Lugonu.
   914 | D        | Found a viscous altar of Jiyva.
   989 | D        | Offered knowledge of Static Discharge by Vehumet.
   989 | D        | Reached skill level 5 in Armour
   994 | D        | Reached *** piety under Vehumet
  1112 | D        | Noticed a two-headed ogre
  1121 | D        | Killed a two-headed ogre
  1121 | D        | Reached skill level 12 in Spellcasting
  1126 | D        | Noticed a two-headed ogre
  1126 | D        | Noticed Erolcha
  1132 | D        | Killed Erolcha
  1132 | D        | Reached XP level 9. HP: 44/55 MP: 7/27
  1140 | D        | Killed a two-headed ogre
  1140 | D        | Reached skill level 13 in Spellcasting
  1140 | D        | Reached skill level 5 in Poison Magic
  1159 | D        | Offered knowledge of Airstrike by Vehumet.
  1159 | D        | Reached **** piety under Vehumet
  1346 | D        | Offered knowledge of Venom Bolt by Vehumet.
  1353 | D        | Learned a level 5 spell: Venom Bolt
  1430 | D        | Noticed a queen bee
  1437 | D        | Killed a queen bee
  1437 | D        | Reached ***** piety under Vehumet
  1438 | D        | Offered knowledge of Lightning Bolt by Vehumet.
  1440 | D        | Reached skill level 5 in Air Magic
  1444 | D        | Reached XP level 10. HP: 60/60 MP: 9/29
  1444 | D        | Reached ****** piety under Vehumet
  1469 | D        | Reached skill level 14 in Spellcasting
  1658 | D        | Offered knowledge of Olgreb's Toxic Radiance by Vehumet.
  1905 | D        | Noticed a spiny frog
  1905 | D        | Noticed a spiny frog
  1909 | D        | Reached skill level 10 in Dodging
  1909 | D        | Killed a spiny frog
  1911 | D        | Killed a spiny frog
  2040 | D        | Offered knowledge of Irradiate by Vehumet.
  2302 | D        | Noticed a lindwurm
  2306 | D        | Killed a lindwurm
  2394 | D        | Reached skill level 15 in Spellcasting
  2394 | D        | Reached skill level 10 in Fire Magic
  2410 | D        | Noticed Urug
  2418 | D        | Hit by a javelin thrown by Urug

Vault maps used:
D:        dungeon_sprint_mu

Skill      XL: |  1  2  3  4  5  6  7  8  9 10 |
---------------+-------------------------------+-----
Fighting       | 1 2 4 5 6 7 |  7.0
Spellcasting   | 4 5 6 7 10 11 12 13 15 | 15.0
Armour         | 1 2 4 5 6 |  6.9
Dodging        | 3 4 6 7 8 9 10 | 10.5
Conjurations   | 2 3 5 6 7 8 9 |  9.4
Fire Magic     | 4 5 6 7 8 9 10 | 10.0
Short Blades   | 1 2 4 5 6 7 8 |  8.0
Evocations     | 1 4 5 6 7 8 |  8.8
Air Magic      | 2 4 5 6 |  6.4
Poison Magic   | 2 4 5 7 |  7.0
Stealth        | |  2.4

Action                   |  1- 3 |  4- 6 |  7- 9 | 10-12 || total
-------------------------+-------+-------+-------+-------++-------
Melee: Dagger            |       |     3 |     2 |     9 ||    14
 Cast: Flame Tongue      |    19 |     3 |    56 |    33 ||   111
       Throw Flame       |     2 |       |     1 |       ||     3
       Conjure Flame     |       |     1 |     4 |     2 ||     7
       Sticky Flame      |       |     3 |     8 |     6 ||    17
       Mephitic Cloud    |       |       |     8 |     4 ||    12
       Fireball          |       |       |     2 |     1 ||     3
       Venom Bolt        |       |       |     2 |    12 ||    14
       Inner Flame       |       |       |     1 |       ||     1
  Use: Scroll            |       |     4 |       |       ||     4
       Potion            |       |     4 |       |     2 ||     6
 Stab: Sleeping          |       |     1 |       |     1 ||     2
       Confused          |       |       |     1 |     1 ||     2
  Eat: Royal jelly       |       |       |     1 |     5 ||     6
Armor: Robe              |     1 |     1 |     2 |     3 ||     7
Dodge: Dodged            |     4 |     2 |    14 |    11 ||    31
